 Dungeon Crawl Stone Soup version 0.30.1-11-g7821555f0a (webtiles) character file.

Game seed: 12838853935484385783

10171 fireball365 the Cleaver (level 11, -1/95 HPs)
             Began as a Minotaur Fighter on Oct 29, 2023.
             Was an Initiate of Gozag.
             Slain by a chaos spawn (11 damage)
             ... summoned by a kobold demonologist
             ... on level 11 of the Dungeon.
             The game lasted 00:25:31 (10435 turns).

fireball365 the Cleaver (Minotaur Fighter)         Turns: 10435, Time: 00:25:33

Health: -1/95      AC: 29    Str: 26    XL:     11   Next: 32%
Magic:  10/10      EV:  9    Int:  3    God:    Gozag
Gold:   1065       SH:  4    Dex:  9    Spells: 10/10 levels left

rFire   . . .        m - +0 battleaxe
rCold   . . .        (shield currently unavailable)
rNeg    . . .        B - +0 plate armour
rPois   .            (helmet restricted)
rElec   .            o - +1 cloak
rCorr   .            D - +0 pair of gloves
SInv    .            (no boots)
Will    .....        (no amulet) Stlth
                     g - +4 ring of protection
HPRegen 0.35/turn    v - +4 ring of protection
MPRegen 0.12/turn

%: no passive effects
@: no status effects
A: horns 2, retaliatory headbutt, iridescent scales 1, large bone plates 1,
dopey 1, mutation resistance 1
a: Renounce Religion, Potion Petition, Call Merchant, Bribe Branch


You were on level 11 of the Dungeon.
You worshipped Gozag.
Gozag was most pleased with you.
You visited 1 branch of the dungeon, and saw 11 of its levels.

You collected 1192 gold pieces.
You paid 127 gold pieces to Gozag.

Inventory:

Hand Weapons
 a - a +0 war axe
 m - a +0 battleaxe (weapon)
 A - a +2 war axe of venom
Armour
 c - a +0 buckler
 o - a +1 cloak (worn)
 q - a +1 chain mail
 r - a +0 helmet
 B - a +0 plate armour (worn)
 D - a +0 pair of gloves (worn)
Jewellery
 b - a ring of see invisible
 g - a +4 ring of protection (left hand)
 v - a +4 ring of protection (right hand)
 y - a +6 ring of dexterity
Wands
 f - a wand of flame (30)
 z - a wand of iceblast (10)
Scrolls
 h - 5 scrolls of enchant armour
 i - 3 scrolls of enchant weapon
 k - a scroll of poison
 l - 2 scrolls of teleportation
 n - a scroll of fear
 p - 2 scrolls of fog
 u - 2 scrolls of amnesia
Potions
 d - 4 potions of might
 e - 3 potions of degeneration
 j - 2 potions of haste
 s - 2 potions of flight
 t - 4 potions of curing
 w - a potion of invisibility {unknown}
 x - a potion of heal wounds
 E - a potion of lignification {unknown}


   Skills:
 + Level 8.9 Fighting
 + Level 14.2 Axes
 + Level 11.0 Armour
 + Level 4.5 Dodging
 + Level 2.2 Stealth
 + Level 7.8 Shields


You had 10 spell levels left.
You didn't know any spells.
Your spell library contained the following spells:

 Spells                   Type           Power      Damage    Failure   Level
 Shock                    Conj/Air       0%         1d3       99%         1
 Ensorcelled Hibernation  Hex/Ice        0%         N/A       100%        2
 Lesser Beckoning         Tloc           0%         N/A       100%        2
 Passwall                 Tmut/Erth      0%         N/A       100%        2
 Gell's Gravitas          Tloc           0%         N/A       100%        3
 Inner Flame              Hex/Fire       0%         N/A       100%        3
 Swiftness                Air            0%         N/A       100%        3
 Teleport Other           Tloc           0%         N/A       100%        3
 Yara's Violent Unravell  Hex/Tmut       0%         3d3       100%        5
 Enfeeble                 Hex            0%         N/A       100%        7


Dungeon Overview and Level Annotations

Branches:
Dungeon (11/15)            Temple (0/1) D:7            Lair (0/5) D:9
    Orc (0/2) D:10

Altars:
Ashenzari
Elyvilon
Gozag
Qazlal
Uskayaw
The Shining One

Shops:
D:6 [

Annotations:
D:9 3 runed translucent doors, mrw3rdna's ghost, novice DsVM


Innate Abilities, Weirdness & Mutations

You have a pair of horns on your head.
You reflexively headbutt those who attack you in melee.
You are partially covered in iridescent scales. (AC +2)
You are partially covered in large bone plates. (SH +4)
You are dopey. (Int -2)
You are somewhat resistant to further mutation.


Message History

The kobold demonologist hits you but does no damage.
Items here: $ ( ))) ? [.
You miss the kobold demonologist.
Your headbutt misses the kobold demonologist.
You feel sick.
The kobold demonologist hits you but does no damage.
You closely miss the kobold demonologist.
You feel sick.
The kobold demonologist barely misses you.
You slash the kobold demonologist! You headbutt the kobold demonologist.
The kobold demonologist is moderately wounded.
You feel sick.
The kobold demonologist hits you but does no damage.
You barely miss the kobold demonologist.
The kobold demonologist is moderately wounded.
You feel sick.
The kobold demonologist mumbles some strange words.
You closely miss the kobold demonologist.
Your headbutt misses the kobold demonologist.
The kobold demonologist is moderately wounded.
You feel sick.
You are no longer poisoned.
The kobold demonologist mumbles some strange words.
The crimson imp grinds its teeth.
You slash the kobold demonologist!
The kobold demonologist is heavily wounded.
You hit the chaos spawn.
You block the kobold demonologist's attack.
The chaos spawn hits you but does no damage.
The crimson imp summons a swarm of flies.
The crimson imp blinks!
You barely miss the kobold demonologist.
The kobold demonologist is heavily wounded.
You closely miss the chaos spawn.
The kobold demonologist hits you but does no damage.
The chaos spawn gores you!
* * * LOW HITPOINT WARNING * * *
You are engulfed in flames!
You die...
Your body crumbles into a pile of gold.

. .. .#.# ..o .o #..
.o. .. #.# ... .
..#####.# # ..K.#
#.......## ..##.#K
#.#..#####
#....K.#######5.......#
...!$..#5K@4.......<..#
.........####.........#
.##.##.### #.#########
#. #.# #. ..# ## ..##
..# #.. $


You could see a kobold demonologist, a chaos spawn (summoned), a crimson imp
(summoned) and a shadow imp (summoned).

Vanquished Creatures
  A two-headed ogre (D:7)
  A skeletal warrior (D:7)
  Pikel (D:4)
  A cyclops (D:7)
  Maggie (D:6)
  2 trolls
  2 hornets
  A shadow (D:10)
  5 wraiths (D:7)
  6 yaks
  A steam dragon (D:7)
  2 wargs (D:9)
  4 water moccasins
  2 sky beasts
  4 ice beasts
  4 orc warriors
  2 black bears
  3 centaurs
  2 phantoms (D:4)
  3 kobold brigands
  Blork the orc (D:6)
  3 bullfrogs
  A scorpion (D:7)
  3 gnoll sergeants
  3 wights (D:8)
  18 killer bees
  5 howler monkeys
  6 jellies
  2 hounds
  2 orc priests (D:4)
  5 iguanas
  3 sleepcaps
  15 orc wizards
  14 gnolls
  7 adders
  An ufetubus (D:4)
  3 worms
  4 dart slugs
  28 orcs
  6 endoplasms
  5 giant cockroaches
  14 goblins
  13 hobgoblins
  12 jackals
  2 quokkas
  10 ball pythons
  2 bats
  2 frilled lizards (D:1)
  19 kobolds
  9 rats
266 creatures vanquished.

Vanquished Creatures (others)
  An orc (D:7)
1 creature vanquished.

Grand Total: 267 creatures vanquished

Notes
Turn   | Place    | Note
-------+----------+-------------------------------------------
     0 | D:1      | fireball365 the Minotaur Fighter began the quest for the
                  | Orb.
     0 | D:1      | Reached XP level 1. HP: 19/19 MP: 0/0
   306 | D:1      | Found a faded altar of an unknown god.
   315 | D:1      | Got Plato's Spellbook of Fumes
   355 | D:1      | Reached XP level 2. HP: 24/27 MP: 1/1
   765 | D:1      | Reached skill level 3 in Axes
   846 | D:1      | Reached XP level 3. HP: 33/33 MP: 2/2
  1582 | D:2      | Reached XP level 4. HP: 41/41 MP: 3/3
  2037 | D:3      | Reached skill level 4 in Axes
  2680 | D:3      | Reached skill level 1 in Dodging
  2729 | D:3      | Reached XP level 5. HP: 47/47 MP: 4/4
  2945 | D:4      | Noticed a phantom
  2961 | D:4      | Killed a phantom
  2962 | D:4      | Reached skill level 5 in Axes
  3043 | D:4      | Reached XP level 6. HP: 53/53 MP: 5/5
  3179 | D:4      | Reached skill level 6 in Axes
  3220 | D:4      | Reached skill level 5 in Armour
  3487 | D:4      | Noticed Pikel
  3504 | D:4      | Killed Pikel
  3505 | D:4      | Reached skill level 5 in Fighting
  3505 | D:4      | Reached skill level 7 in Axes
  3505 | D:4      | Reached XP level 7. HP: 51/61 MP: 6/6
  3626 | D:4      | Reached skill level 8 in Axes
  3657 | D:4      | Reached XP level 8. HP: 61/69 MP: 7/7
  3992 | D:5      | Entered Level 5 of the Dungeon
  4719 | D:5      | Reached skill level 9 in Axes
  5097 | D:6      | Found Neochitt's Armour Shop.
  5137 | D:6      | Noticed Blork the orc
  5143 | D:6      | Killed Blork the orc
  5174 | D:6      | Reached skill level 10 in Axes
  5174 | D:6      | Reached skill level 5 in Shields
  5301 | D:6      | Noticed Maggie
  5311 | D:6      | Killed Maggie
  5312 | D:6      | Reached XP level 9. HP: 59/78 MP: 8/8
  5625 | D:6      | Reached skill level 11 in Axes
  6222 | D:7      | Reached skill level 1 in Stealth
  6379 | D:7      | Found a broken altar of Ashenzari.
  6380 | D:7      | Found a glowing golden altar of the Shining One.
  6528 | D:7      | Reached skill level 12 in Axes
  6687 | D:7      | Noticed a two-headed ogre
  6697 | D:7      | Noticed a cyclops
  6699 | D:7      | Killed a two-headed ogre
  6699 | D:7      | Noticed a troll
  6700 | D:7      | Reached XP level 10. HP: 45/86 MP: 9/9
  6950 | D:7      | Noticed a skeletal warrior
  6967 | D:7      | Killed a skeletal warrior
  6975 | D:7      | Reached skill level 13 in Axes
  7221 | D:7      | Killed a cyclops
  7276 | D:7      | Found the +5 scythe "Finisher" {speed, execute}
  7386 | D:7      | Found a white marble altar of Elyvilon.
  7387 | D:7      | Found a hide-covered altar of Uskayaw.
  7388 | D:7      | Found an opulent altar of Gozag.
  7399 | D:7      | Became a worshipper of Gozag Ym Sagoz the Greedy
  7416 | D:7      | Found a staircase to the Ecumenical Temple.
  7557 | D:8      | Found a stormy altar of Qazlal.
  7573 | D:8      | Gained mutation: You possess an exceptional clarity of
                  | mind. [potion of mutation]
  7573 | D:8      | Gained mutation: You passively map a small area around you.
                  | [potion of mutation]
  7573 | D:8      | Gained mutation: Your body sometimes deteriorates upon
                  | taking damage. [potion of mutation]
  7574 | D:8      | Lost mutation: You possess an exceptional clarity of mind.
                  | [potion of mutation]
  7574 | D:8      | Lost mutation: Your body sometimes deteriorates upon taking
                  | damage. [potion of mutation]
  7574 | D:8      | Lost mutation: You passively map a small area around you.
                  | [potion of mutation]
  7574 | D:8      | Gained mutation: You expend magic power (3 MP) to
                  | strengthen your wands. [potion of mutation]
  7574 | D:8      | Gained mutation: You are dopey. (Int -2) [potion of
                  | mutation]
  7574 | D:8      | Gained mutation: You are partially covered in iridescent
                  | scales. (AC +2) [potion of mutation]
  7575 | D:8      | Lost mutation: You are partially covered in iridescent
                  | scales. (AC +2) [potion of mutation]
  7575 | D:8      | Lost mutation: You expend magic power (3 MP) to strengthen
                  | your wands. [potion of mutation]
  7575 | D:8      | Gained mutation: You are partially covered in large bone
                  | plates. (SH +4) [potion of mutation]
  7575 | D:8      | Gained mutation: You are partially covered in iridescent
                  | scales. (AC +2) [potion of mutation]
  7575 | D:8      | Gained mutation: You are somewhat resistant to further
                  | mutation. [potion of mutation]
  7657 | D:8      | Reached skill level 10 in Armour
  8688 | D:9      | Reached XP level 11. HP: 88/95 MP: 10/10
  9242 | D:9      | Found a staircase to the Lair.
  9417 | D:9      | Found a runed translucent gate.
  9417 | D:9      | Found a runed translucent gate.
  9428 | D:9      | Noticed a nine-headed hydra
  9429 | D:9      | Found a runed translucent gate.
  9429 | D:9      | Noticed mrw3rdna's ghost (novice DsVM)
  9512 | D:10     | Entered Level 10 of the Dungeon
  9534 | D:10     | Reached skill level 14 in Axes
  9892 | D:10     | Found a staircase to the Orcish Mines.
 10435 | D:11     | Slain by a chaos spawn

Illustrated notes

Levels and vault maps discovered:
D:1:      roderic_crop_circles_arrival_small, layout_basic,
          shapermc_ecumenical_altar_rom_forum, hangedman_decor_riveting
D:2:      layout_basic, minmay_pentomino_pile
D:3:      kennysheep_goblin_castle, layout_loops_cross
D:4:      layout_loops_corners, uniq_pikel
D:5:      layout_basic
D:6:      nicolae_BIG_FREAKIN_CUBE, layout_loops_ring, serial_shops,
          nicolae_shop_crystal, uniq_maggie, uniq_blork_the_orc
D:7:      minmay_cornered_nines, layout_basic,
          chequers_temple_overflow_statue_of_worship, jmf_multi_god_temple,
          minmay_temple_entry_statues_fountains, minmay_guarded_unrand_finisher
D:8:      layout_basic, grunt_qazlal_clouds
D:9:      layout_loops_ring, erik_lair_orcish_takeover,
          gammafunk_ghost_hydra_chop
D:10:     layout_gridville, orc_0_dummy
D:11:     layout_rooms, gauntlet_entry_generic, portal_ice_cave_entry_pillars_2

Skill      XL: |  1  2  3  4  5  6  7  8  9 10 11 |
---------------+----------------------------------+-----
Fighting       | 4 5 6 7 8 |  8.9
Axes           | 3 4 5 7 8 10 12 13 14 | 14.2
Armour         | 4 5 7 8 10 11 | 11.0
Shields        | 4 5 6 7 |  7.8
Dodging        | 1 2 3 4 |  4.5
Stealth        | 1 2 |  2.2

Action                     |  1- 3 |  4- 6 |  7- 9 | 10-12 || total
---------------------------+-------+-------+-------+-------++-------
  Melee: War axe           |   349 |   129 |   171 |   216 ||   865
         Headbutt          |   112 |    17 |    27 |    42 ||   198
         Battleaxe         |       |       |       |    69 ||    69
    Use: Scroll            |       |     4 |     6 |     7 ||    17
         Potion            |       |     3 |       |     7 ||    10
   Stab: Distracted        |       |       |       |     1 ||     1
 Armour: Scale mail        |    48 |    56 |       |       ||   104
         Chain mail        |       |    21 |   101 |       ||   122
         Plate armour      |       |       |    21 |   228 ||   249
  Dodge: Dodged            |    48 |    70 |   102 |   109 ||   329
  Block: Buckler           |    25 |    32 |    60 |    86 ||   203
         Other             |       |       |       |    22 ||    22
